AoeStats
← willrhyd

Arabia

510593984Analyzed
1v1 RM · 1d ago on Oct 1, 2026· 37m 42s· 2 players
Game mode
Random Map
Map size
Tiny (2 player)
Population
200
Speed
Normal
Resources
Standard
Victory
Conquest
Starting age
Dark Age
Ending age
Imperial Age
RankedLock teamsTeams togetherTeam positionsShared explorationLock speedFull tech treeHidden civsTurbo modeCheats
Victory
Defeat
🇬🇧 Bohemians · United Kingdom
1653
+11
🇦🇷 Slavs · Argentina
1533
-11
willrhyd
6:48 Loom
8:59 Feudal Age
9:37 Double-Bit Axe
18:00 Castle Age
17:05 Horse Collar
17:46 Scale Mail Armor
19:35 Bow Saw
19:32 Atonement
19:55 Pikeman
20:37 Squires
22:26 Redemption
32:00 Imperial Age
33:24 Block Printing
34:11 Theocracy
34:35 Sanctity
34:52 Illumination
37:39 Wheelbarrow
Dani D
8:39 Loom
11:03 Feudal Age
15:01 Castle Age
13:47 Double-Bit Axe
14:16 Horse Collar
24:00 Stone Mining
24:25 Atonement
26:26 Bow Saw
27:21 Sanctity
27:33 Devotion
28:31 Redemption
34:22 Imperial Age
37:00 Block Printing
Connection lost

Rejoining the realm…

Still unreachable

The connection could not be restored.

Session expired

The server has moved on; the page needs a fresh start.